HSSL
BROKEN ARROW HS @ RANDALL HS RAIDERS
05/10/2030
 
TOP OF THE 1ST
Broken Arrow HS batting - Pitching for Randall HS Raiders : RHP Dan Robinson
Pitching: RHP Dan Robinson
Batting: RHB Bo Long 0-0: Ball
1-0: Ground out U3 (Groundball, 3)
Batting: RHB Donnie Bryan 0-0: Swinging Strike
0-1: Swinging Strike
0-2: Ball
1-2: Foul Ball, location: 2F
1-2: Ball
2-2: Ball
3-2: Fly out, F7 (Line Drive, 78M)
Batting: LHB Michael Keller 0-0: Called Strike
0-1: Ball
1-1: Ball
2-1: Swinging Strike
2-2: Foul Ball, location: 2F
2-2: Ground out 4-3 (Groundball, 4)
Top of the 1st over - 0 runs, 0 hits, 0 errors, 0 left on base; Broken Arrow HS 0 - Randall HS 0
BOTTOM OF THE 1ST
Randall HS Raiders batting - Pitching for Broken Arrow HS : LHP Joaquín Galtán
Pitching: LHP Joaquín Galtán
Batting: RHB Tom Allen 0-0: Ball
1-0: SINGLE (Groundball, 56S) (infield hit)
Pinch Runner at 1st Don Ulrich:
Batting: RHB Tony Burhoe 0-0: Ball
1-0: Hit by Pitch
Don Ulrich to second
Batting: RHB John Zhu 0-0: Fly out, F8 (Flyball, 8RXD)
Runner from 2nd tags up, SAFE at 3rd, no throw
Batting: RHB Michael Brown 0-0: Foul Ball, location: 2F
0-1: Ball
1-1: Ball
Tony Burhoe steals 2nd base
2-1: Foul Ball, location: 2F
2-2: Foul Ball, location: 2F
2-2: Strikes out swinging
Batting: RHB Brody Sexton 0-0: Ball
1-0: Called Strike
1-1: Foul Ball, location: 2F
1-2: Foul Ball, location: 2F
1-2: Strikes out looking
Bottom of the 1st over - 0 runs, 1 hit, 0 errors, 2 left on base; Broken Arrow HS 0 - Randall HS 0
TOP OF THE 2ND
Broken Arrow HS batting - Pitching for Randall HS Raiders : RHP Dan Robinson
Now at 2B: Don Ulrich
Batting: RHB Alejandro Vélez 0-0: SOLO HOME RUN (Flyball, 7D), Distance : 370 ft
Batting: LHB James Carlson 0-0: Ball
1-0: Called Strike
1-1: Foul Ball, location: 2F
1-2: Strikes out swinging
Batting: SHB Heath Rhodes 0-0: Foul Ball, location: 2F
0-1: Fly out, F7 (Flyball, 7LS)
Batting: LHB Mac Little 0-0: Called Strike
0-1: Ball
1-1: Foul Ball, location: 2F
1-2: Ball
2-2: Fly out, F4 (Line Drive, 4)
Top of the 2nd over - 1 run, 1 hit, 0 errors, 0 left on base; Broken Arrow HS 1 - Randall HS 0
BOTTOM OF THE 2ND
Randall HS Raiders batting - Pitching for Broken Arrow HS : LHP Joaquín Galtán
Batting: LHB En-guo Wang 0-0: Called Strike
0-1: Foul Ball, location: 2F
0-2: Ball
1-2: Ball
2-2: Foul Ball, location: 2F
2-2: SOLO HOME RUN (Flyball, 89XD), Distance : 403 ft
Batting: LHB Kade Clark 0-0: Ball
1-0: Swinging Strike
1-1: Foul Ball, location: 2F
1-2: Foul Ball, location: 2F
1-2: Ball
2-2: Ball
3-2: DOUBLE (Line Drive, 8RD)
Batting: RHB Joe Reeves 0-0: Foul Ball, location: 2F
0-1: Foul Ball, location: 2F
0-2: Strikes out swinging
Batting: RHB Luis Sánchez 0-0: Ball
1-0: Foul Ball, location: 2F
1-1: Ball
2-1: SINGLE (Line Drive, 56D)
Kade Clark to third
Runner from 3rd tries for Home, SAFE, throw made home
Batting: RHB Don Ulrich 0-0: Called Strike
0-1: Foul Ball, location: 2F
0-2: Ball
1-2: Ball
2-2: Foul Ball, location: 2F
2-2: Strikes out swinging
Batting: RHB Tony Burhoe 0-0: Called Strike
0-1: Called Strike
0-2: Fly out, F4 (Flyball, 34D)
Bottom of the 2nd over - 2 runs, 3 hits, 0 errors, 1 left on base; Broken Arrow HS 1 - Randall HS 2
TOP OF THE 3RD
Broken Arrow HS batting - Pitching for Randall HS Raiders : RHP Dan Robinson
Batting: RHB James Thompson 0-0: Called Strike
0-1: Foul Ball, location: 2F
0-2: Strikes out swinging
Batting: RHB Paul Dowd 0-0: Called Strike
0-1: Swinging Strike
0-2: Ball
1-2: Strikes out looking
Batting: RHB Bo Long 0-0: Ball
1-0: Ball
2-0: Foul Ball, location: 2F
2-1: Foul Ball, location: 2F
2-2: Fly out, F7 (Flyball, 7LS)
Top of the 3rd over - 0 runs, 0 hits, 0 errors, 0 left on base; Broken Arrow HS 1 - Randall HS 2
BOTTOM OF THE 3RD
Randall HS Raiders batting - Pitching for Broken Arrow HS : LHP Joaquín Galtán
Batting: RHB John Zhu 0-0: Called Strike
0-1: Called Strike
0-2: Ball
1-2: Foul Ball, location: 2F
1-2: SINGLE (Line Drive, 89S)
Batting: RHB Michael Brown 0-0: DOUBLE (Flyball, 8RD)
John Zhu to third
Batting: RHB Brody Sexton 0-0: Ball
1-0: Foul Ball, location: 2F
1-1: Foul Ball, location: 2F
1-2: Ball
2-2: Foul Ball, location: 2F
2-2: Ground out 6-3 (Groundball, 6S)
John Zhu scores
Michael Brown to third
Batting: LHB En-guo Wang 0-0: SINGLE (Line Drive, 9S)
Michael Brown scores
Batting: LHB Kade Clark 0-0: Called Strike
0-1: Swinging Strike
0-2: Ball
1-2: 2-RUN HOME RUN (Flyball, 89XD), Distance : 411 ft
Batting: RHB Joe Reeves 0-0: Ball
1-0: SINGLE (Flyball, 9S)
Batting: RHB Luis Sánchez 0-0: Fly out, F9 (Flyball, 9LS)
Batting: RHB Don Ulrich 0-0: Ball
1-0: Ball
2-0: Ball
3-0: Called Strike
3-1: Base on Balls
Joe Reeves to second
Batting: RHB Tony Burhoe 0-0: Fly out, F9 (Flyball, 9S)
Bottom of the 3rd over - 4 runs, 5 hits, 0 errors, 2 left on base; Broken Arrow HS 1 - Randall HS 6
TOP OF THE 4TH
Broken Arrow HS batting - Pitching for Randall HS Raiders : RHP Dan Robinson
Batting: RHB Donnie Bryan 0-0: Called Strike
0-1: Foul Ball, location: 2F
0-2: Ball
1-2: Foul Ball, location: 2F
1-2: Fly out, F3 (Popup, 3SF)
Batting: LHB Michael Keller 0-0: Ball
1-0: Foul Ball, location: 2F
1-1: Called Strike
1-2: SOLO HOME RUN (Flyball, 9D), Distance : 387 ft
Batting: RHB Alejandro Vélez 0-0: Called Strike
0-1: Called Strike
0-2: SOLO HOME RUN (Flyball, 7D), Distance : 381 ft
Batting: LHB James Carlson 0-0: Called Strike
0-1: Swinging Strike
0-2: Foul Ball, location: 2F
0-2: Strikes out looking
Batting: SHB Heath Rhodes 0-0: Foul Ball, location: 2F
0-1: Ball
1-1: Ball
2-1: Ground out U3 (Groundball, 34S)
Top of the 4th over - 2 runs, 2 hits, 0 errors, 0 left on base; Broken Arrow HS 3 - Randall HS 6
BOTTOM OF THE 4TH
Randall HS Raiders batting - Pitching for Broken Arrow HS : LHP Joaquín Galtán
Batting: RHB John Zhu 0-0: Ball
1-0: Foul Ball, location: 2F
1-1: Foul Ball, location: 2F
1-2: TRIPLE (Flyball, 78D)
Batting: RHB Michael Brown 0-0: Called Strike
0-1: Ball
1-1: Ball
2-1: Ball
3-1: Called Strike
3-2: Strikes out swinging
Pitching: RHP Elvin Pierce
Batting: RHB Brody Sexton 0-0: 2-RUN HOME RUN (Flyball, 78XD), Distance : 407 ft
Batting: LHB En-guo Wang 0-0: Ball
1-0: Ball
2-0: Called Strike
2-1: Ball
3-1: Called Strike
3-2: Strikes out swinging
Batting: LHB Kade Clark 0-0: Ball
1-0: SINGLE (Line Drive, 9LS)
Batting: RHB Joe Reeves 0-0: Fielders Choice at 2nd, 5-4 (Groundball, 56)
Bottom of the 4th over - 2 runs, 3 hits, 0 errors, 1 left on base; Broken Arrow HS 3 - Randall HS 8
TOP OF THE 5TH
Broken Arrow HS batting - Pitching for Randall HS Raiders : RHP Dan Robinson
Batting: LHB Mac Little 0-0: Swinging Strike
0-1: Ball
1-1: Ball
2-1: Foul Ball, location: 2F
2-2: Fly out, F6 (Line Drive, 6)
Batting: RHB James Thompson 0-0: SINGLE (Flyball, 4D)
Batting: RHB Paul Dowd 0-0: Fly out, F7 (Flyball, 78S)
Batting: RHB Bo Long 0-0: Called Strike
0-1: Ball
1-1: Ground out 4-3 (Groundball, 4)
Top of the 5th over - 0 runs, 1 hit, 0 errors, 1 left on base; Broken Arrow HS 3 - Randall HS 8
BOTTOM OF THE 5TH
Randall HS Raiders batting - Pitching for Broken Arrow HS : RHP Elvin Pierce
Batting: RHB Luis Sánchez 0-0: Ground out 4-3 (Groundball, 4)
Batting: RHB Don Ulrich 0-0: Ball
1-0: Called Strike
1-1: Ball
2-1: Called Strike
2-2: Foul Ball, location: 2F
2-2: Ball
3-2: Foul Ball, location: 2F
3-2: Base on Balls
Batting: RHB Tony Burhoe 0-0: Ground out 6-3 (Groundball, 56D)
Don Ulrich to second
Batting: RHB John Zhu 0-0: Ball
1-0: Ground out 5-3 (Groundball, 5S)
Bottom of the 5th over - 0 runs, 0 hits, 0 errors, 1 left on base; Broken Arrow HS 3 - Randall HS 8
TOP OF THE 6TH
Broken Arrow HS batting - Pitching for Randall HS Raiders : RHP Dan Robinson
Batting: RHB Donnie Bryan 0-0: SINGLE (Line Drive, 7LS)
Batting: LHB Michael Keller 0-0: Called Strike
0-1: Ball
1-1: SINGLE (Flyball, 34D)
Donnie Bryan to second
Runner from 2nd tries for 3rd, SAFE, no throw
Batting: RHB Alejandro Vélez 0-0: Ball
1-0: Foul Ball, location: 2F
1-1: Fly out, F9 (Flyball, 9LM)
Batting: LHB James Carlson 0-0: Ball
1-0: Ball
2-0: Swinging Strike
2-1: Foul Ball, location: 2F
2-2: Ball
3-2: Foul Ball, location: 2F
3-2: Base on Balls
Michael Keller to second
Pitching: LHP Bill Bond
Batting: SHB Heath Rhodes 0-0: Ball
1-0: Ball
2-0: Grounds into double play, 6-4-3 (Groundball, 56)
Top of the 6th over - 0 runs, 2 hits, 0 errors, 2 left on base; Broken Arrow HS 3 - Randall HS 8
BOTTOM OF THE 6TH
Randall HS Raiders batting - Pitching for Broken Arrow HS : RHP Elvin Pierce
Batting: RHB Michael Brown 0-0: Ball
1-0: Ball
2-0: SINGLE (Groundball, 56S) (infield hit)
Batting: RHB Brody Sexton 0-0: Swinging Strike
0-1: Ball
1-1: Fly out, F2 (Popup, 2LF)
Batting: LHB En-guo Wang 0-0: Fly out, F8 (Flyball, 8LD)
Batting: LHB Kade Clark 0-0: Ball
1-0: 2-RUN HOME RUN (Flyball, 78XD), Distance : 405 ft
Batting: RHB Joe Reeves 0-0: Swinging Strike
0-1: Reached on error, E3 (Groundball, 34)
Batting: RHB Luis Sánchez 0-0: Called Strike
0-1: Ball
1-1: Foul Ball, location: 2F
1-2: Ball
2-2: Foul Ball, location: 2F
2-2: DOUBLE (Flyball, 8RXD)
Joe Reeves to third
Runner from 3rd tries for Home, SAFE, no throw
Batting: RHB Don Ulrich 0-0: Fly out, F9 (Line Drive, 9D)
Bottom of the 6th over - 3 runs, 3 hits, 1 error, 1 left on base; Broken Arrow HS 3 - Randall HS 11
TOP OF THE 7TH
Broken Arrow HS batting - Pitching for Randall HS Raiders : LHP Bill Bond
Batting: LHB Mac Little 0-0: Foul Ball, location: 2F
0-1: Called Strike
0-2: Ball
1-2: Foul Ball, location: 2F
1-2: Strikes out swinging
Batting: RHB James Thompson 0-0: Called Strike
0-1: Ball
1-1: Ball
2-1: Foul Ball, location: 2F
2-2: Foul Ball, location: 2F
2-2: Foul Ball, location: 2F
2-2: DOUBLE (Groundball, 5L)
Pitching: RHP Herman Hansen
Batting: RHB Paul Dowd Balk!
James Thompson to third
0-0: Called Strike
0-1: Called Strike
0-2: Strikes out swinging
Batting: RHB Bo Long 0-0: Called Strike
0-1: Ball
1-1: Called Strike
1-2: Strikes out swinging
Top of the 7th over - 0 runs, 1 hit, 0 errors, 1 left on base; Broken Arrow HS 3 - Randall HS 11
BOTTOM OF THE 7TH
Randall HS Raiders batting - Pitching for Broken Arrow HS : RHP Elvin Pierce
Batting: RHB Tony Burhoe 0-0: Hit by Pitch
Batting: RHB John Zhu 0-0: Ball
1-0: Called Strike
1-1: Swinging Strike
1-2: Ball
2-2: Foul Ball, location: 2F
2-2: Ball
3-2: Fly out, F9 (Flyball, 9LD)
Batting: RHB Michael Brown 0-0: Ball
1-0: Called Strike
1-1: Ball
2-1: Ball
3-1: Fly out, F6 (Line Drive, 6)
Batting: RHB Brody Sexton 0-0: Ball
Tony Burhoe steals 2nd base
1-0: Ball
2-0: Ball
3-0: Base on Balls
Batting: LHB En-guo Wang 0-0: Ball
1-0: Called Strike
1-1: SINGLE (Groundball, 4MD)
Tony Burhoe to third
Brody Sexton to second
Runner from 3rd tries for Home, SAFE, no throw
Batting: LHB Kade Clark 0-0: Ball
1-0: Ball
2-0: Ball
3-0: Base on Balls
Brody Sexton to third
En-guo Wang to second
Pitching: RHP Larry Gray
Batting: RHB Joe Reeves 0-0: Ball
1-0: Called Strike
1-1: Called Strike
1-2: Fly out, F3 (Popup, 3F)
Bottom of the 7th over - 1 run, 1 hit, 0 errors, 3 left on base; Broken Arrow HS 3 - Randall HS 12
TOP OF THE 8TH
Broken Arrow HS batting - Pitching for Randall HS Raiders : RHP Herman Hansen
Batting: RHB Donnie Bryan 0-0: Foul Ball, location: 2F
0-1: Swinging Strike
0-2: Strikes out swinging
Batting: LHB Michael Keller 0-0: Ball
1-0: Ball
2-0: Foul Ball, location: 2F
2-1: Fly out, F9 (Flyball, 9D)
Batting: RHB Alejandro Vélez 0-0: Ball
1-0: Called Strike
1-1: Ball
2-1: Foul Ball, location: 2F
2-2: Ball
3-2: Base on Balls
Batting: LHB James Carlson 0-0: Swinging Strike
0-1: Ball
1-1: Ball
2-1: SINGLE (Groundball, 3S) (infield hit)
Alejandro Vélez to second
Batting: SHB Heath Rhodes 0-0: SINGLE (Flyball, 89S)
Alejandro Vélez to third
James Carlson to second
Batting: LHB Mac Little 0-0: Called Strike
0-1: Fly out, F7 (Flyball, 7)
Top of the 8th over - 0 runs, 2 hits, 0 errors, 3 left on base; Broken Arrow HS 3 - Randall HS 12
BOTTOM OF THE 8TH
Randall HS Raiders batting - Pitching for Broken Arrow HS : RHP Larry Gray
Batting: RHB Luis Sánchez 0-0: Foul Ball, location: 2F
0-1: Called Strike
0-2: Foul Ball, location: 2F
0-2: Ball
1-2: Ball
2-2: Strikes out swinging, 2-3 out at first.
Batting: RHB Don Ulrich 0-0: Swinging Strike
0-1: SINGLE (Groundball, 4MD)
Batting: RHB Tony Burhoe 0-0: Called Strike
Don Ulrich steals 2nd base
0-1: Called Strike
0-2: Fly out, F4 (Popup, 13)
Batting: RHB John Zhu 0-0: Called Strike
0-1: Ground out 6-3 (Groundball, 6)
Bottom of the 8th over - 0 runs, 1 hit, 0 errors, 1 left on base; Broken Arrow HS 3 - Randall HS 12
TOP OF THE 9TH
Broken Arrow HS batting - Pitching for Randall HS Raiders : RHP Herman Hansen
Batting: RHB James Thompson 0-0: Called Strike
0-1: Called Strike
0-2: Ball
1-2: Strikes out swinging
Batting: RHB Paul Dowd 0-0: Ball
1-0: Called Strike
1-1: Foul Ball, location: 2F
1-2: Foul Ball, location: 2F
1-2: Ball
2-2: Hit by Pitch
Batting: RHB Bo Long 0-0: Foul Ball, location: 2F
0-1: Ball
1-1: Hit by Pitch
Paul Dowd to second
Batting: RHB Donnie Bryan 0-0: Called Strike
0-1: Ball
1-1: Foul Ball, location: 2F
1-2: Ball
2-2: Foul Ball, location: 2F
2-2: Strikes out swinging
Batting: LHB Michael Keller 0-0: Called Strike
0-1: Swinging Strike
0-2: Foul Ball, location: 2F
0-2: Foul Ball, location: 2F
0-2: Ball
1-2: Strikes out swinging
Top of the 9th over - 0 runs, 0 hits, 0 errors, 2 left on base; Broken Arrow HS 3 - Randall HS 12
Saturday, April 7th, 2018 - OOTP Baseball 18.8 Build 76